 Dungeon Crawl Stone Soup version 0.28-a0-1616-g050a50673c (webtiles) character file.

Game seed: 16096291355690859365

38 ragingrage the Charlatan (level 3, 0/21 HPs)
             Began as a Gargoyle Artificer on Jan 22, 2022.
             Frozen to death by an endoplasm (4 damage)
             ... on level 2 of the Dungeon.
             The game lasted 00:01:29 (1534 turns).

ragingrage the Charlatan (Gargoyle Artificer)       Turns: 1534, Time: 00:01:29

Health: 0/21       AC:  6    Str: 17    XL:     3   Next: 43%
Magic:  3/3        EV:  7    Int: 11    God:
Gold:   41         SH:  9    Dex: 10    Spells: 2/2 levels left

rFire   . . .      SeeInvis .   l - +0 short sword
rCold   . . .      Faith    .   a - +0 tower shield
rNeg    + + .      Spirit   .   b - +0 leather armour
rPois   ∞          Reflect  .   (no helmet)
rElec   +          Harm     .   (no cloak)
rCorr   .          Rampage  .   (no gloves)
Will    .....                   (no boots)
Stlth   +.........              (no amulet)
HPRegen 0.07/turn               i - ring of positive energy
MPRegen 0.08/turn               (no ring)

@: no status effects
A: sickness immunity, AC +3, negative energy resistance 1, electricity
resistance, torment resistance 1, petrification resistance
a: no special abilities


You were on level 2 of the Dungeon.
You visited 1 branch of the dungeon, and saw 2 of its levels.

You collected 41 gold pieces.

Inventory:

Hand Weapons
 l - a +0 short sword (weapon)
Missiles
 h - a throwing net
Armour
 a - a +0 tower shield (worn)
 b - a +0 leather armour (worn)
Jewellery
 i - a ring of positive energy (left hand)
Wands
 c - a wand of flame (15) (quivered)
 d - a wand of charming (13)
Scrolls
 k - a scroll of noise {unknown}
Potions
 f - a potion of might {unknown}
 g - a potion of degeneration {unknown}
 j - a potion of curing {unknown}
 m - a potion of resistance {unknown}
Miscellaneous
 e - a piece from Xom's chessboard (15/15)


   Skills:
 + Level 1.8 Fighting
 + Level 2.6 Armour
 + Level 1.2 Dodging
 + Level 1.9 Stealth
 + Level 3.0 Evocations


You had 2 spell levels left.
You didn't know any spells.
Your spell library was empty.

Dungeon Overview and Level Annotations

Branches:
Dungeon (2/15)

Altars:


Innate Abilities, Weirdness & Mutations

You are immune to sickness and miasma.
Your stone body is resilient. (AC +3)
You are immune to poison.
You resist negative energy. (rN+)
You are resistant to electric shocks. (rElec)
You are resistant to unholy torment.
You are immune to petrification.


Message History

The endoplasm hits you but does no damage.
You barely miss the endoplasm. The endoplasm freezes you.
You are frozen.
The endoplasm freezes you.
You are frozen.
You are too injured to fight recklessly!
You are too injured to fight recklessly!
You are too injured to fight recklessly!
You are too injured to fight recklessly!
You are too injured to fight recklessly!
You are too injured to fight recklessly!
You are too injured to fight recklessly!
You are too injured to fight recklessly!
You are too injured to fight recklessly!
You are too injured to fight recklessly!
You are too injured to fight recklessly!
You are too injured to fight recklessly!
You are too injured to fight recklessly!
You are too injured to fight recklessly!
You are too injured to fight recklessly!
You are too injured to fight recklessly!
You hit the endoplasm but do no damage.
The endoplasm hits you but does no damage.
You hit the endoplasm but do no damage. The endoplasm freezes you.
You are frozen.
The endoplasm barely misses you.
You hit the endoplasm.
The endoplasm is moderately wounded.
The endoplasm freezes you.
You are frozen.
* * * LOW HITPOINT WARNING * * *
You hit the endoplasm.
The endoplasm is almost dead.
The endoplasm freezes you.
You are frozen.
* * * LOW HITPOINT WARNING * * *
The endoplasm freezes you.
You are frozen.
You die...

#.#..#.### ##
########........#####.
#.>...........†.......
#...#.###.....#.#####.
#.........#.#...# #.
#.....#####.#.#[# #.
#...............# #.
####.#####.##.#.# #.
#....@J.......#.# #.
#.....#.##.## #.# #.
#...... .. #. #.....#$
... ## #.....##. ...
#.##### .. #. #. .. #
..


You could see an endoplasm.

Vanquished Creatures
  3 endoplasms
  2 giant cockroaches (D:1)
  A goblin (D:1)
  7 hobgoblins
  2 jackals (D:1)
  4 quokkas
  4 ball pythons
  2 bats (D:1)
  4 frilled lizards
  3 kobolds
  2 rats (D:2)
34 creatures vanquished.

Vanquished Creatures (collateral kills)
  An endoplasm (D:1)
1 creature vanquished.

Grand Total: 35 creatures vanquished

Notes
Turn   | Place    | Note
-------+----------+-------------------------------------------
     0 | D:1      | ragingrage the Gargoyle Artificer began the quest for the
                  | Orb.
     0 | D:1      | Reached XP level 1. HP: 12/12 MP: 1/1
   401 | D:1      | Reached skill level 1 in Dodging
   401 | D:1      | Reached XP level 2. HP: 12/16 MP: 2/2
   995 | D:1      | Reached XP level 3. HP: 19/20 MP: 3/3
  1234 | D:2      | Reached skill level 3 in Evocations
  1534 | D:2      | Frozen to death by an endoplasm

Illustrated notes

Levels and vault maps discovered:
D:1:      dpeg_arrival_stone_temple_mockup, layout_basic
D:2:      layout_basic, chequers_serial_rivers_room_b, uniq_terence

Skill      XL: |  1  2  3 |
---------------+----------+-----
Dodging        | 1 |  1.2
Evocations     | 3 |  3.0
Fighting       | |  1.8
Armour         | |  2.6
Stealth        | |  1.9

Action                   || total
-------------------------++-------
Melee: Club              ||    69
       Short sword       ||    96
       Punch             ||     1
Evoke: Wand              ||     2
Armor: Leather armour    ||    67
Dodge: Dodged            ||    93
Block: Tower shield      ||    17

Table legend: (Time is in decaauts)
 A = Elapsed time spent in this place.
 B = Non-inter-level travel time spent in this place.
 C = Inter-level travel time spent in this place.
 D = Time resting spent in this place.
 E = Time spent auto-exploring this place.
 F = Levels seen in this place.
 G = Mean time per level.
                   A        B        C        D        E       F      G
               +--------+--------+--------+--------+--------+-----+--------+
         Total |   1583 |   1568 |     15 |    572 |    593 |   2 |  791.5 |
       Dungeon |   1583 |   1568 |     15 |    572 |    593 |   2 |  791.5 |
               +--------+--------+--------+--------+--------+-----+--------+

Top non-repeatable levels by time:
     D:1: 1232 daAuts
     D:2: 350 daAuts
